[Event "Live Chess"]
[Site "Chess.com"]
[Date "2023.05.21"]
[Round "-"]
[White "PaulyD81"]
[Black "KGreenGator"]
[Result "0-1"]
[WhiteElo "1202"]
[BlackElo "1803"]
[TimeControl "300"]
[EndTime "18:59:54 PDT"]
[Termination "KGreenGator won by checkmate"]

1. d4 Nf6 2. c4 d5 3. Nc3 c6 4.
Nf3 dxc4 5. e3 b5 6. a4 Bd7 7. axb5 cxb5 8. b3 Qc8 9. bxc4 bxc4 10. Ne5 Be6 11. Qa4+ Nfd7 12. Nxc4 Bxc4 13. Qxc4 Qxc4 14. Bxc4 e6 15. O-O Nb6 16. Bb5+ N6d7 17. Ba3 Bxa3 18. Rxa3 a6 19. Bd3 O-O 20. Rb1 Rc8 21. Rb7 g6 22. Be4 Nf6 23. Bf3 Nbd7 24. Rbb3 Ra7 25. Rb7 Rxb7 26.
Bxb7 Rb8 27. Bc6 Rb6 28. Ba8 Ne8 29. Na4 Rb1# 0-1

[Event "Live Chess"]
[Site "Chess.com"]
[Date "2023.05.21"]
[Round "-"]
[White "domrobson"]
[Black "Tushinskiy"]
[Result "0-1"]
[WhiteElo "1755"]
[BlackElo "2179"]
[TimeControl "300"]
[EndTime "19:00:15 PDT"]
[Termination "Tushinskiy won by resignation"]

1. d4 d5 2. c4 c6 3. Nf3 Nf6 4.
Nc3 e6 5. Bg5 Be7 6. e3 Nbd7 7.
Rc1 O-O 8. Bd3 Re8 9. O-O Nf8 10. Ne5 N6d7 11. Bxe7 Qxe7 12. f4 f6 13. Nxd7 Bxd7 14. Qb3 Rab8 15. cxd5 cxd5 16. Rc2 a6 17. Rfc1 b5 18. Ne2 a5 19. Rc7 a4 20. Qd1 e5 21.
fxe5 fxe5 22. dxe5 Qxe5 23. Ng3 Qxe3+ 24. Kh1 Re5 25.
Qc2 Rbe8 26. Nf1 Qf4 27. Qc3 b4 28. Qc2 Re1 29. h3 Bxh3 30. gxh3 Rxc1 31. Qxc1 Qf3+ 32. Kh2 Qxd3 33. Rc2 Ng6 34. Rg2 b3 35. axb3 axb3 36. Qd2 Qxf1 37. Qxd5+ Kh8 38. Qxb3 Qf4+ 39. Qg3 Rb8 40.
Qxf4 Nxf4 41. Rf2 g5 42. Rd2 Rb3 0-1

[Event "Live Chess"]
[Site "Chess.com"]
[Date "2023.05.21"]
[Round "-"]
[White "LiamBellwood"]
[Black "GEMdzq"]
[Result "0-1"]
[WhiteElo "2026"]
[BlackElo "2270"]
[TimeControl "300"]
[EndTime "19:00:45 PDT"]
[Termination "GEMdzq won by resignation"]

1. d4 Nf6 2. Nc3 e6 3. Bf4 c5 4.
d5 exd5 5. Nxd5 Nxd5 6. Qxd5 Nc6 7. e4 d6 8. O-O-O Be6 9. Qd2 Qb6 10. Kb1 O-O-O 11.
Ne2 d5 12. Qe3 d4 13. Qg3 c4 14. Nc1 h5 15. Be2 h4 16. Qg5 f6 17. Qg6 Ne7 0-1

[Event "Live Chess"]
[Site "Chess.com"]
[Date "2023.05.21"]
[Round "-"]
[White "Duke_of_Bebington"]
[Black "smoggyrabbit"]
[Result "1-0"]
[WhiteElo "1584"]
[BlackElo "1737"]
[TimeControl "300"]
[EndTime "19:01:20 PDT"]
[Termination "Duke_of_Bebington won on time"]

1. e4 e6 2. d4 d5 3. Nd2 c5 4. c3 cxd4 5. cxd4 dxe4 6. Nxe4 Bb4+ 7.
Bd2 Bxd2+ 8. Qxd2 Nf6 9. Bd3 Nc6 10. Nf3 O-O 11. O-O Nxe4 12. Bxe4 f5 13. Bxc6 bxc6 14. Ne5 Qh4 15. f4 Bb7 16. Rac1 Rac8 17. Qe2 Rfd8 18. Rfd1 Qxf4 19. Qh5 Rc7 20. Nf3 Rcd7 21. Ng5 g6 22. Qh6 e5 23. Rf1 Qxd4+ 24. Kh1 Ba6 25. Rfe1 Qxb2 26.
Rxc6 Bb7 27. Rxg6+ hxg6 28. Qxg6+ Kf8 29. Qf6+ Kg8 30. Qg6+ Kf8 31. Qh6+ Ke8 32. Qh8+ Ke7 33. Rxe5+ Kd6 34. Qf6+ Kc7 35. Rc5+ 1-0

[Event "Live Chess"]
[Site "Chess.com"]
[Date "2023.05.21"]
[Round "-"]
[White "raminguy"]
[Black "xx_blindpuffin_xx"]
[Result "1-0"]
[WhiteElo "1961"]
[BlackElo "2187"]
[TimeControl "300"]
[EndTime "19:01:27 PDT"]
[Termination "raminguy won by checkmate"]

1. d4 d6 2. Nc3 Nd7 3. e4 c5 4. Nf3 cxd4 5. Nxd4 Ngf6 6. Be3 g6 7. Qd2 Bg7 8.
O-O-O O-O 9. f3 a6 10. Bh6 b5 11. h4 Bb7 12. h5 Nc5 13. hxg6 fxg6 14. Bxg7 Kxg7 15. Qh6+ Kg8 16. e5 dxe5 17. Ne6 Nxe6 18. Rxd8 Raxd8 19. Bd3 Nf4 20. Ne4 Nxd3+ 21. cxd3 Rxd3 22.
Nxf6+ exf6 23. Qxh7# 1-0

[Event "Live Chess"]
[Site "Chess.com"]
[Date "2023.05.21"]
[Round "-"]
[White "NateSolon"]
[Black "chessfiction"]
[Result "0-1"]
[WhiteElo "2642"]
[BlackElo "2361"]
[TimeControl "300"]
[EndTime "19:01:41 PDT"]
[Termination "chessfiction won by resignation"]

1. d4 d5 2. Nc3 c6 3. Bf4 Bg4 4.
f3 Bh5 5. g4 Bg6 6. h4 h5 7. g5 Nd7 8. Qd2 e6 9. e4 Bb4 10. Bd3 Ne7 11. Nge2 O-O 12. a3 Ba5 13. b4 Bc7 14. Bxc7 Qxc7 15. e5 a5 16. O-O Nf5 17. Bxf5 Bxf5 18. Ng3 Bg6 19. f4 b6 20. Qe2 axb4 21.
axb4 c5 22. Nb5 Qc6 23. c3 cxd4 24. cxd4 Rxa1 25. Rxa1 Ra8 26. Rxa8+ Qxa8 27. Qb2 Qa4 28. Nc3 Qc6 29. Kf2 Qc4 30. Nge2 b5 31. Qa3 Bd3 32. Qa8+ Kh7 33. Qb7 Nf8 34. Qxf7 Ng6 35. Ke3 Bxe2 36. Nxe2 Qb3+ 37. Kf2 Qh3 38. f5 Qxh4+ 39. Kf1 Qh3+ 40. Ke1 exf5 41. e6 Qh4+ 42. Kd1 Qxg5 0-1

[Event "Live Chess"]
[Site "Chess.com"]
[Date "2023.05.21"]
[Round "-"]
[White "grillage"]
[Black "ClassyChameleon"]
[Result "1-0"]
[WhiteElo "1807"]
[BlackElo "1084"]
[TimeControl "300"]
[EndTime "19:01:53 PDT"]
[Termination "grillage won by resignation"]

1. d4 d5 2. Nf3 e6 3. c4 Bb4+ 4. Nc3 a6 5. Qc2 b5 6. c5 c6 7. Bf4 Nf6 8. e3 Ne4 9. Bd3 Nxc3 10.
bxc3 Ba5 11. O-O Nd7 12. a4 Nf6 13. axb5 axb5 14. Bd6 Ne4 15. Bxe4 dxe4 16. Ne5 f6 17. Nxc6 Qd7 18. Nxa5 e5 19. Qxe4 g5 20. dxe5 Kf7 21. exf6 Qf5 22. Qxf5 Bxf5 23. Be7 Bd3 24. Rfd1 Be2 25. Rdc1 h5 26. Nc6 Rxa1 27. Rxa1 Ke6 28. f3 Kd7 29. Nd4 Bc4 30. c6+ Ke8 31. Ra8+ 1-0

[Event "Live Chess"]
[Site "Chess.com"]
[Date "2023.05.21"]
[Round "-"]
[White "Hussamalhaidar"]
[Black "wot-not"]
[Result "0-1"]
[WhiteElo "1110"]
[BlackElo "1552"]
[TimeControl "300"]
[EndTime "19:02:21 PDT"]
[Termination "wot-not won on time"]

1. b3 e5 2. Bb2 d6 3. e3 f5 4. d4 e4 5. f3 Nf6 6. fxe4 Nxe4 7. Bd3 Qh4+ 8. g3 Qh6 9. Qf3 Be7 10. Bxe4 fxe4 11. Qxe4 O-O 12. Nd2 Bg5 13. Nc4 Nc6 14.
O-O-O Nb4 15. Kb1 Bf5 16. Qxb7 Bxc2+ 17. Ka1 Bxd1 18. Qxb4 Rf1 19. Nd2 Bf3+ 20. Nxf1 Bxh1 21. Qc4+ d5 22. Qxc7 Bxe3 23. Nxe3 Qxe3 24. Nh3 Qe1+ 25.
Qc1 Qxc1+ 26. Bxc1 Rc8 27. Bf4 Rc2 28. Ng5 Rxh2 29.
Ne6 Be4 30. g4 Rh1+ 31. Kb2 Rb1+ 32. Ka3 Kf7 33. Nc5 h6 34. Nxe4 dxe4 35. Be3 g5 36. d5 Rd1 37. d6 Rxd6 38. Bxa7 Ra6+ 0-1

[Event "Live Chess"]
[Site "Chess.com"]
[Date "2023.05.21"]
[Round "-"]
[White "nigelst"]
[Black "whatnot126"]
[Result "0-1"]
[WhiteElo "1759"]
[BlackElo "2056"]
[TimeControl "300"]
[EndTime "19:02:28 PDT"]
[Termination "whatnot126 won by resignation"]

1. e4 d6 2. d4 Nf6 3. Nc3 g6 4.
f4 Bg7 5. e5 Nfd7 6. Nf3 O-O 7.
Ng5 c5 8. e6 Nb6 9. exf7+ Kh8 10. dxc5 dxc5 11. Qxd8 Rxd8 12. Bb5 h6 13. Nf3 Nc6 14.
O-O Be6 15. Bxc6 bxc6 16. Ne5 Nc4 17. Nxc6 Rf8 18. Nxe7 Rxf7 19. Nxg6+ Kh7 20. Ne5 Nxe5 21. fxe5 Rxf1+ 22. Kxf1 Bxe5 23. Kg1 Bd4+ 24. Kh1 Rf8 25. Bd2 Rf2 26. Ne4 Re2 27. Re1 Rxe1+ 28. Bxe1 Bxb2 29. Nxc5 Bxa2 30. Na4 Be5 31. Bc3 Bf4 32. Bd4 a6 33. Nc5 Bc4 34. c3 Kg6 35. Nd7 Kf5 36. Nc5 Bd2 37.
Kg1 Kg6 38. Kf2 Kf7 39. Ne4 Bf4 40. g3 Bc7 41. Ke3 a5 42. Nc5 Ke7 43. Nd3 a4 44. Nb2 a3 45. Nxc4 a2 46. Bc5+ Ke8 47. Nd2 a1=Q 48.
Nb3 Qxc3+ 0-1

[Event "Live Chess"]
[Site "Chess.com"]
[Date "2023.05.21"]
[Round "-"]
[White "blowerd"]
[Black "worldchessleaguelive"]
[Result "1-0"]
[WhiteElo "1354"]
[BlackElo "1355"]
[TimeControl "300"]
[EndTime "19:02:30 PDT"]
[Termination "blowerd won by resignation"]

1. e4 d5 2. exd5 Qxd5 3. Nc3 Qd8 4. d4 Nf6 5. Bc4 e6 6. Bg5 Be7 7. Qf3 h6 8. Bxf6 Bxf6 9. Nge2 c6 10. O-O-O b5 11.
Bb3 a5 12. a3 a4 13. Ba2 Bb7 14. Nxb5 Ra5 15. Nbc3 Rf5 16. Qg3 Rg5 17. Qe3 Rxg2 18.
Kb1 Qa5 19. Nf4 Rg5 20. Rhg1 O-O 21. Rxg5 Bxg5 22. Qg3 Nd7 23. Nxe6 fxe6 24. Bxe6+ Kh7 25. Bxd7 Ba6 26. Ne4 Be2 27. Nxg5+ hxg5 28. Qh3+ Kg6 29. Rc1 Rxf2 30. Qe6+ Rf6 31. Qxe2 1-0

[Event "Live Chess"]
[Site "Chess.com"]
[Date "2023.05.21"]
[Round "-"]
[White "LodeshChess"]
[Black "Long1968"]
[Result "1-0"]
[WhiteElo "1182"]
[BlackElo "1023"]
[TimeControl "300"]
[EndTime "19:02:35 PDT"]
[Termination "LodeshChess won on time"]

1. e4 e6 2. d4 d5 3. e5 c5 4. c3 Nc6 5. Nf3 b6 6. Bd3 cxd4 7. O-O a5 8. Nxd4 Nxe5 9. Re1 Nxd3 10. Qxd3 Nf6 11. Bg5 Ba6 12. Qf3 Be7 13. Nc6 Qd7 14. Nxe7 Qxe7 15. Bxf6 Qxf6 16. Qxf6 gxf6 17. Nd2 Rg8 18. Nf3 Bb7 19. Re3 d4 20. cxd4 Rg4 21. h3 Rg7 22. Rc1 Rd8 23. Rc7 Rd7 24. Rxd7 Kxd7 25.
b3 Rg8 26. Kh2 Rc8 27. Rd3 Bxf3 28. Rxf3 f5 29. a4 Kd6 30. Kg3 Rc1 31. Kh4 h6 32. g4 Rd1 33. gxf5 Rxd4+ 34. Kg3 Ke5 35. fxe6 Kxe6 36. Re3+ Kf5 37. Rf3+ 1-0

[Event "Live Chess"]
[Site "Chess.com"]
[Date "2023.05.21"]
[Round "-"]
[White "KeithArkell"]
[Black "KGreenGator"]
[Result "1-0"]
[WhiteElo "2573"]
[BlackElo "1803"]
[TimeControl "300"]
[EndTime "19:03:28 PDT"]
[Termination "KeithArkell won by checkmate"]

1. d4 Nf6 2. Nf3 d5 3. c4 e6 4.
cxd5 exd5 5. Nc3 c6 6. Qc2 g6 7. Bg5 Bf5 8. Qb3 b6 9. e4 dxe4 10. Ne5 Qe7 11. Bc4 Be6 12. Bxe6 fxe6 13. O-O Bg7 14.
Nxe4 O-O 15. Rac1 Rc8 16. Rfe1 h6 17. Nxf6+ Bxf6 18. Nxg6 Qf7 19. Bxf6 Qxf6 20. Rxe6 Qg5 21. Rexc6+ Kg7 22. Rxc8 Nd7 23. R8c7 Rd8 24. Ne5 Kf6 25. Qf7# 1-0

[Event "Live Chess"]
[Site "Chess.com"]
[Date "2023.05.21"]
[Round "-"]
[White "Tushinskiy"]
[Black "garyjc"]
[Result "1-0"]
[WhiteElo "2179"]
[BlackElo "1055"]
[TimeControl "300"]
[EndTime "19:03:46 PDT"]
[Termination "Tushinskiy won by checkmate"]

1. d4 Nf6 2. c3 g6 3. Nf3 Bg7 4.
Bf4 O-O 5. Bg3 d6 6. Nbd2 Nc6 7. e4 Re8 8. Bb5 Nh5 9. Qe2 Nxg3 10. hxg3 Bd7 11.
e5 a6 12. Ba4 dxe5 13. dxe5 b5 14. Bb3 Na5 15. e6 fxe6 16. Bxe6+ Bxe6 17. Qxe6+ Kh8 18. Ng5 Qd6 19. Rxh7# 1-0

[Event "Live Chess"]
[Site "Chess.com"]
[Date "2023.05.21"]
[Round "-"]
[White "alanmike75"]
[Black "Conradical12"]
[Result "1-0"]
[WhiteElo "1592"]
[BlackElo "1653"]
[TimeControl "300"]
[EndTime "19:03:55 PDT"]
[Termination "alanmike75 won by checkmate"]

1. e4 e5 2. Nf3 Nc6 3. d4 exd4 4. Bc4 Nf6 5. O-O Bd6 6. Re1 Ne5 7. Nxe5 Bxe5 8. Bg5 O-O 9. c3 dxc3 10. Nxc3 c6 11. f4 Bxc3 12. bxc3 h6 13. Bh4 Qa5 14. Bxf6 gxf6 15.
Qd4 b5 16. Bd3 Qd8 17. Re3 d5 18. Rg3+ Kh8 19. e5 f5 20. Rh3 Kh7 21. g4 Rg8 22. g5 Rb8 23. Rxh6+ Kg7 24. e6+ f6 25. Bxf5 Qb6 26.
Rxf6 Qxd4+ 27. cxd4 b4 28. Rb1 a5 29. Rb3 a4 30.
Rf7+ Kh8 31. Rh3# 1-0

[Event "Live Chess"]
[Site "Chess.com"]
[Date "2023.05.21"]
[Round "-"]
[White "Biranidun"]
[Black "LutherSullivan"]
[Result "1/2-1/2"]
[WhiteElo "2549"]
[BlackElo "2110"]
[TimeControl "300"]
[EndTime "19:04:00 PDT"]
[Termination "Game drawn by agreement"]

1. e4 c5 2. Nf3 Nc6 3. d4 cxd4 4. Nxd4 g6 5. c4 Bg7 6. Be3 Nf6 7. Nc3 O-O 8. Be2 d6 9. O-O Nxd4 10. Bxd4 Be6 11. Rc1 Rc8 12. b3 a6 13. f4 b5 14. cxb5 axb5 15.
Bxb5 Nxe4 16. Bxg7 Kxg7 17. Qd4+ Nf6 18. Ne4 Qa5 19. a4 Bxb3 20. Nxf6 exf6 21. Rxc8 1/2-1/2

[Event "Live Chess"]
[Site "Chess.com"]
[Date "2023.05.21"]
[Round "-"]
[White "xx_blindpuffin_xx"]
[Black "GEMdzq"]
[Result "0-1"]
[WhiteElo "2181"]
[BlackElo "2278"]
[TimeControl "300"]
[EndTime "19:04:13 PDT"]
[Termination "GEMdzq won by resignation"]

1. e4 d6 2. d3 Nf6 3. Nd2 g6 4. g3 Bg7 5. Bg2 c5 6. Ne2 Nc6 7. O-O O-O 8. c3 d5 9. exd5 Nxd5 10. Qc2 Bf5 11. Ne4 Nf6 12. Nxf6+ Bxf6 13. Nf4 c4 14. Be3 Ne5 15. Bxb7 cxd3 16. Qa4 Rb8 17.
Qxa7 Qd7 18. Rfd1 Rxb7 0-1

[Event "Live Chess"]
[Site "Chess.com"]
[Date "2023.05.21"]
[Round "-"]
[White "chessfiction"]
[Black "therealab0ne"]
[Result "1-0"]
[WhiteElo "2361"]
[BlackElo "724"]
[TimeControl "300"]
[EndTime "19:04:14 PDT"]
[Termination "chessfiction won by checkmate"]

1. e4 c5 2. Nf3 Nc6 3. d4 cxd4 4. c3 dxc3 5. Bc4 e6 6. O-O Nf6 7. Nxc3 d5 8. exd5 exd5 9. Nxd5 Nxd5 10. Bxd5 Bb4 11.
Bg5 Ne7 12. Qa4+ Bd7 13. Qxb4 Qb6 14. Qxe7# 1-0

[Event "Live Chess"]
[Site "Chess.com"]
[Date "2023.05.21"]
[Round "-"]
[White "ramses-IIG"]
[Black "manthanit"]
[Result "0-1"]
[WhiteElo "849"]
[BlackElo "1054"]
[TimeControl "300"]
[EndTime "19:05:04 PDT"]
[Termination "manthanit won on time"]

1. e4 e6 2. Nf3 d5 3. e5 Ne7 4. d4 c5 5. c3 Nec6 6. Bb5 Bd7 7. O-O Nxd4 8. Bxd7+ Qxd7 9. cxd4 cxd4 10. Qxd4 Nc6 11. Qg4 Qc7 12. Qg3 g6 13. Nc3 Bg7 14.
Bf4 O-O 15. b3 Nb4 16. Nb5 Qb6 17. Nbd4 Rac8 18. h3 Nd3 19. Be3 Qc7 20. Rad1 Nxe5 21.
Rc1 Nxf3+ 22. Qxf3 Qd7 23. Rxc8 Rxc8 24. Ne2 Rc2 25.
Nf4 Rxa2 26. b4 Ra3 27. Qg4 Bf8 28. Rb1 Ra4 29. Bxa7 Rxb4 30. Rxb4 Bxb4 0-1

[Event "Live Chess"]
[Site "Chess.com"]
[Date "2023.05.21"]
[Round "-"]
[White "nigelst"]
[Black "wot-not"]
[Result "0-1"]
[WhiteElo "1747"]
[BlackElo "1564"]
[TimeControl "300"]
[EndTime "19:05:24 PDT"]
[Termination "wot-not won by resignation"]

1. e4 e6 2. d4 d5 3. exd5 exd5 4. Nf3 Nf6 5. Bd3 Bd6 6. Qe2+ Qe7 7. Qxe7+ Kxe7 8. O-O Re8 9. Re1+ Kf8 10. Rxe8+ Kxe8 11. Bg5 Nbd7 12. Nbd2 h6 13. Bh4 g6 14. Re1+ Kf8 15. Ne5 Kg7 16. Bg3 Bxe5 17. Bxe5 Nxe5 18.
dxe5 Nd7 19. e6 Nc5 20. exf7 Nxd3 21. Re8 Kxf7 22. Re3 Nxb2 23. Nf3 Nc4 24. Re2 Bg4 25.
h3 Bxf3 26. gxf3 Re8 0-1

[Event "Live Chess"]
[Site "Chess.com"]
[Date "2023.05.21"]
[Round "-"]
[White "GEMdzq"]
[Black "chessfiction"]
[Result "1-0"]
[WhiteElo "2290"]
[BlackElo "2351"]
[TimeControl "300"]
[EndTime "19:06:33 PDT"]
[Termination "GEMdzq won by checkmate"]

1. e4 d5 2. exd5 c6 3. dxc6 e5 4. Nc3 Bc5 5. d3 Nf6 6. Nf3 Qb6 7. Qd2 Qxc6 8. Be2 Bg4 9. O-O Nbd7 10. h3 h5 11. Qg5 O-O-O 12. Nxe5 Nxe5 13. Qxe5 Rde8 14. Bxg4+ hxg4 15. Qf5+ Qd7 16. Qxc5+ Kb8 17. Bf4+ Ka8 18. Nb5 Nd5 19. Qxa7# 1-0

[Event "Live Chess"]
[Site "Chess.com"]
[Date "2023.05.21"]
[Round "-"]
[White "wot-not"]
[Black "Singapourfeuj"]
[Result "0-1"]
[WhiteElo "1563"]
[BlackElo "2153"]
[TimeControl "300"]
[EndTime "19:07:01 PDT"]
[Termination "Singapourfeuj won by checkmate"]

1. e4 e5 2. f4 d5 3. fxe5 Qh4+ 4. Ke2 Qxe4+ 5. Kf2 Bc5+ 6. Kg3 Qxe5+ 7. Kf3 Qe4+ 8. Kg3 h5 9. d4 h4+ 10. Kf2 Bxd4+ 11.
Be3 Qxe3# 0-1

[Event "Live Chess"]
[Site "Chess.com"]
[Date "2023.05.21"]
[Round "-"]
[White "IgorSchukin"]
[Black "ViktorTheCoolBoy"]
[Result "1/2-1/2"]
[WhiteElo "1788"]
[BlackElo "2507"]
[TimeControl "300"]
[EndTime "19:07:15 PDT"]
[Termination "Game drawn - timeout vs insufficient material"]

1. e4 e6 2. Nf3 d5 3. Nc3 Nf6 4. e5 Nfd7 5. d4 c5 6. Bb5 Be7 7. O-O O-O 8. Re1 a6 9. Bxd7 Bxd7 10. Be3 Nc6 11. dxc5 Qa5 12. a3 Qc7 13. Bd4 Nxd4 14.
Qxd4 Bxc5 15. Qg4 Be7 16. h4 b5 17. Rad1 a5 18. Ng5 h6 19. Nh3 b4 20. axb4 axb4 21. Ne2 Qxc2 22. Nef4 f5 23. Qg6 Ra6 24.
Nxd5 Bxh4 25. Nxb4 Be8 26. Qxe8 Rxe8 27. Nxc2 Ra2 28. Rb1 Rb8 29. Nd4 Rbxb2 30. Rxb2 Rxb2 31. Nxe6 Be7 32. Nd4 g6 33. Nc6 Bc5 34. e6 Kf8 35. e7+ Ke8 36. Rd1 Bxe7 37. Re1 Rb7 38. Rxe7+ Rxe7 39. Nxe7 Kxe7 40. Nf4 Kf6 41. Ne2 g5 42. g3 Ke5 43. f4+ Ke4 44. fxg5 hxg5 45. Kg2 Ke3 46. Ng1 g4 47. Kf1 Kd2 48. Ne2 Kd3 49. Kf2 Ke4 50.
Nf4 Ke5 51. Ke3 Kd6 52. Kd4 Kd7 53. Ke5 Ke7 54. Kxf5 Kf7 55. Kxg4 Kf6 1/2-1/2

[Event "Live Chess"]
[Site "Chess.com"]
[Date "2023.05.21"]
[Round "-"]
[White "LiamBellwood"]
[Black "Duke_of_Bebington"]
[Result "1-0"]
[WhiteElo "2027"]
[BlackElo "1583"]
[TimeControl "300"]
[EndTime "19:08:56 PDT"]
[Termination "LiamBellwood won by checkmate"]

1. d4 d5 2. Nc3 Nf6 3. Bf4 c6 4. e3 Bf5 5. f3 h6 6. g4 Bh7 7.
Bd3 Bxd3 8. Qxd3 e6 9. Nge2 Bd6 10. h4 Na6 11. a3 Qc7 12. Bxd6 Qxd6 13. Nf4 O-O-O 14.
O-O-O Nc7 15. g5 hxg5 16. hxg5 Rxh1 17. Rxh1 Nd7 18. Rh7 Qf8 19. Nh5 g6 20. Nf6 Nxf6 21.
gxf6 Ne8 22. e4 Nxf6 23. Rh3 Qd6 24. e5 Qe7 25. exf6 Qxf6 26. Qe3 Rh8 27. Rxh8+ Qxh8 28. Qe5 Qh1+ 29. Kd2 Qxf3 30. Na4 Qf2+ 31. Kd3 Qf3+ 32. Kd2 Qf2+ 33. Kc3 a5 34. Nc5 Qf3+ 35. Nd3 Qe4 36. Qh8+ Kc7 37. Qe8 Qf3 38. Qe7+ Kb6 39. Qc5+ Ka6 40.
b3 g5 41. Kb2 g4 42. b4 g3 43. Qxa5# 1-0

[Event "Live Chess"]
[Site "Chess.com"]
[Date "2023.05.21"]
[Round "-"]
[White "Tushinskiy"]
[Black "Conradical12"]
[Result "1-0"]
[WhiteElo "2180"]
[BlackElo "1652"]
[TimeControl "300"]
[EndTime "19:09:06 PDT"]
[Termination "Tushinskiy won by checkmate"]

1. d4 Nf6 2. c3 d5 3. Nf3 Bf5 4. Bf4 Nc6 5. Nbd2 e6 6. Qb3 Na5 7. Qa4+ c6 8. b4 Nc4 9. Nxc4 dxc4 10. e3 Nd5 11. Bxc4 Nxf4 12. exf4 b5 13. Bxb5 cxb5 14. Qxb5+ Qd7 15. Qxd7+ Kxd7 16. Kd2 Bd6 17. Ke3 Rhc8 18.
Rhc1 Rc4 19. Nd2 Rcc8 20. a3 h6 21. g3 g5 22. fxg5 hxg5 23. c4 Be7 24. c5 Kc6 25. a4 a6 26. Nc4 Bf6 27. Nb6 Rd8 28. Rc4 Rab8 29. Rac1 g4 30. R1c3 e5 31. d5+ Kc7 32.
b5 axb5 33. axb5 e4 34. Ra3 Rb7 35. d6+ Kb8 36. Ra8# 1-0

[Event "Live Chess"]
[Site "Chess.com"]
[Date "2023.05.21"]
[Round "-"]
[White "xx_blindpuffin_xx"]
[Black "therealab0ne"]
[Result "1-0"]
[WhiteElo "2181"]
[BlackElo "724"]
[TimeControl "300"]
[EndTime "19:09:22 PDT"]
[Termination "xx_blindpuffin_xx won by checkmate"]

1. d3 Nc6 2. c3 d5 3. Nd2 Nf6 4. e4 dxe4 5. dxe4 e5 6. Bc4 Be6 7. Bxe6 fxe6 8. Qb3 Qd7 9. Ngf3 O-O-O 10. O-O Bc5 11.
Nc4 Nxe4 12. Ncxe5 Bxf2+ 13. Rxf2 Qd1+ 14. Rf1 Qxb3 15. axb3 Nxe5 16. Nxe5 Rhf8 17. Be3 Kb8 18. Bxa7+ Kc8 19.
Be3 Rf5 20. Ra8# 1-0

[Event "Live Chess"]
[Site "Chess.com"]
[Date "2023.05.21"]
[Round "-"]
[White "worldchessleaguelive"]
[Black "whatnot126"]
[Result "0-1"]
[WhiteElo "1354"]
[BlackElo "2056"]
[TimeControl "300"]
[EndTime "19:09:33 PDT"]
[Termination "whatnot126 won by checkmate"]

1. d4 d6 2. Bf4 Nf6 3. Nf3 g6 4. e3 Bg7 5. Be2 O-O 6. O-O Nbd7 7. Nbd2 b6 8. c3 Bb7 9. Ne1 e5 10. Bg5 h6 11. Bxf6 Nxf6 12. dxe5 dxe5 13. Ndf3 e4 14.
Nd4 a6 15. Nec2 c5 16. Nb3 Qe7 17. Qe1 Nd7 18. Rd1 Ne5 19. f4 exf3 20. Bxf3 Nxf3+ 21. Rxf3 Bxf3 22. gxf3 Qg5+ 23. Kf2 Qh4+ 24. Kg2 Qxe1 25.
Nxe1 Rad8 26. Rc1 a5 27. Kg3 a4 28. Na1 Rd2 29. Nac2 Rfd8 30. h4 Re2 31. Kf4 h5 32. Kg3 Bh6 33. f4 Rdd2 34. Kf3 f6 35. b3 axb3 36. axb3 g5 37. Na3 g4+ 38. Ke4 g3 39.
Nf3 Rb2 40. Rg1 g2 41. Nc4 Rxb3 42. Kf5 Rxc3 43. Nxb6 Rcxe3 44. Nh2 Kf7 45. Nd5 Rf2 46. Nxe3 Rxf4# 0-1

[Event "Live Chess"]
[Site "Chess.com"]
[Date "2023.05.21"]
[Round "-"]
[White "garyjc"]
[Black "Biranidun"]
[Result "0-1"]
[WhiteElo "1055"]
[BlackElo "2549"]
[TimeControl "300"]
[EndTime "19:09:41 PDT"]
[Termination "Biranidun won by resignation"]

1. e4 c5 2. Nc3 g6 3. f4 Bg7 4. Nf3 Nc6 5. Bc4 e6 6. d3 Nge7 7. O-O d5 8. exd5 exd5 9. Bb5 O-O 10. Bxc6 Nxc6 11. Qe1 Bg4 12. Qg3 Bxf3 13. Rxf3 Nd4 14. Rf2 Re8 15. Be3 Nf5 16. Qf3 Bxc3 17. bxc3 Rxe3 18. Qg4 h5 19. Qg5 Qxg5 20. fxg5 Rae8 21. Raf1 Re1 22. Rxe1 Rxe1+ 23. Rf1 Rxf1+ 24. Kxf1 Ne3+ 25. Kf2 Nxc2 26. Kf3 Ne1+ 27. Kf4 Nxd3+ 28. Kg3 Kg7 0-1

[Event "Live Chess"]
[Site "Chess.com"]
[Date "2023.05.21"]
[Round "-"]
[White "raminguy"]
[Black "ramses-IIG"]
[Result "1-0"]
[WhiteElo "1961"]
[BlackElo "849"]
[TimeControl "300"]
[EndTime "19:10:02 PDT"]
[Termination "raminguy won by resignation"]

1. d4 d5 2. Nc3 e6 3. Bf4 Nf6 4.
Nb5 Bd6 5. Nxd6+ cxd6 6. e3 e5 7. dxe5 dxe5 8. Bxe5 Nc6 9. Bg3 Bf5 10. c3 Qb6 11.
Qb3 Qxb3 12. axb3 O-O 13. Nf3 Bc2 14. Ra3 b6 15. Bb5 Na5 16. Nd4 Be4 17. O-O h6 18. Rfa1 Ng4 19. f3 Nxe3 20. fxe4 a6 21. Bd3 Nc6 22.
Nxc6 dxe4 23. Bxe4 a5 24. Ne7+ Kh8 25. Bxa8 Rxa8 26.
b4 Nc2 27. bxa5 Nxa3 28. Rxa3 bxa5 29. Nc6 a4 30. Nd4 g6 31. b3 Kg7 32. Rxa4 Rxa4 33. bxa4 1-0

[Event "Live Chess"]
[Site "Chess.com"]
[Date "2023.05.21"]
[Round "-"]
[White "Long1968"]
[Black "blowerd"]
[Result "0-1"]
[WhiteElo "1016"]
[BlackElo "1358"]
[TimeControl "300"]
[EndTime "19:10:13 PDT"]
[Termination "blowerd won by resignation"]

1. e4 e5 2. f4 exf4 3. Bc4 Be7 4. Nf3 Bh4+ 5. Kf1 Bf6 6. e5 Be7 7. d4 d5 8. Bd3 b6 9. Bxf4 Ba6 10. Bxa6 Nxa6 11. Qd3 Nb4 12. Qb5+ Qd7 13. Qxd7+ Kxd7 14. Ne1 Rd8 15. a3 Nc6 16. Nf3 h6 17. Nc3 Kc8 18. Re1 Kb7 19. e6 fxe6 20. Rxe6 g5 21. Be5 Rh7 22. Kf2 g4 23. Nd2 Rf7+ 24. Ke2 Nf6 25. Rf1 Rdf8 26. Nd1 Nd7 27. Rxf7 Rxf7 28. Bg3 Nxd4+ 0-1

[Event "Live Chess"]
[Site "Chess.com"]
[Date "2023.05.21"]
[Round "-"]
[White "grillage"]
[Black "NateSolon"]
[Result "0-1"]
[WhiteElo "1807"]
[BlackElo "2642"]
[TimeControl "300"]
[EndTime "19:10:14 PDT"]
[Termination "NateSolon won by checkmate"]

1. d4 Nf6 2. Nc3 d5 3. Bf4 c5 4. e4 cxd4 5. Qxd4 Nc6 6. Bb5 Bd7 7. Bxc6 Bxc6 8. e5 Nd7 9. e6 fxe6 10. Nf3 Qb6 11. O-O-O Qxd4 12. Nxd4 e5 13. Nxc6 bxc6 14. Bg3 g6 15. Rhe1 Bg7 16. f4 e4 17. a3 Nb6 18. Ne2 Nc4 19. Nd4 c5 20. Ne6 Bxb2+ 21.
Kb1 Rb8 22. f5 Be5+ 23. Kc1 Bxg3 24. hxg3 gxf5 25. Rxd5 Kf7 26. Nxc5 e6 27. Rd7+ Kf6 28. Rxa7 Rbc8 29. Nd7+ Kg6 30. Rd1 Kg5 31. Ra6 Ne3 32. Rh1 Rxc2+ 33. Kb1 Rc7 34. Ne5 Rb8+ 35. Ka1 Rcb7 36.
a4 Nc2+ 37. Ka2 Rb2# 0-1

[Event "Live Chess"]
[Site "Chess.com"]
[Date "2023.05.21"]
[Round "-"]
[White "KeithArkell"]
[Black "PaulyD81"]
[Result "1-0"]
[WhiteElo "2573"]
[BlackElo "1202"]
[TimeControl "300"]
[EndTime "19:10:55 PDT"]
[Termination "KeithArkell won on time"]

1. d4 Nf6 2. Nf3 e6 3. c4 d5 4. cxd5 Nxd5 5. Nc3 Nxc3 6. bxc3 c6 7. e4 Nd7 8. Bd3 Nf6 9. e5 Nd5 10. Bd2 Be7 11.
h4 f6 12. exf6 Bxf6 13. Qe2 Qe7 14. Bg5 Bxg5 15. hxg5 g6 16. Qe5 Rf8 17. O-O-O Bd7 18. Kb2 O-O-O 19. a3 a5 20. Be4 Rf4 21. Bxd5 cxd5 22. Qxf4 Rf8 23. Qe3 Bb5 24. Rde1 Kd7 25. Ne5+ Kc7 26. f3 Rf5 27. Nd3 Rxg5 28. g4 Bc4 29. Nc5 b6 30. Qxg5 Qxg5 31. Nxe6+ Kd6 32. Nxg5 Bd3 33. Nf7+ 1-0